B, chaotic male vampiric Barbarian
         }}}   }}}}}}}}}}}}}}}}}}}}}}}}}}}}}}}}}                                
      }}.}}..}}..}}}...}...}}....}}}}}}}}._..}}.                                
    }}..}.}.}.. }.}.}.}..}.})}}....}}}...}}}....                                
    }.^}.}.}..  .}.}.}...}..}}...}}...}}}[..}}...}..                            
    }}. . ..}}}}}}}.}}}}[..}...}}...}}...)}}}}}}...}}                           
     .  }..}}}}}}...}}}}}}}}.#.}}}}}.^..}}}}}}}}.#....                          
    }}.}.}}}}}}}}*#.}}}}}}}###}}}}}}}}}}}}}}      }}...                         
    }.}.}}}}}}}}}}####}}}}}#}}}}-----------        }}}         .}...}           
    .}.}}######}}}}}}#}}-----                       }}}      .}..}}..  .        
     .}}}#....#}}--------                            }}}}}  ....}}.)...}        
    .}}---....--                                      }}}}}}}}}.)...}}.....}    
    ..@.   --..                                        }}}}}}.)...}}...  }..}   
    }.}---....                                          }}}...}.} ...}%.....    
    3}}}}#....#}}--                        ----        }}}}}.....  }... .}%}    
     .}}}######}}}}}}#} -------            -###}}    }}}}....)}}})..  .}...     
    .}}}}}}}}}}}}}####}}}}}}#}}}------------}}#}}}}}}}}.}}.}....) }^#           
    }..  }}1}}}}}.#.}}}}}}}}###}}}}}}}}}}}}}}}####}}}}.}....}}.}... # ......    
    .}}..}}}..}}}...}}}....}}.#...}}}..}.}}.}.}..#.}..}.}}}...  }}. #...<...    
     ..}}...} ...}}....}}}}.....}}...}}.}..}.}.}....}}.}  }}.}}...    .....     
         }}   }}}}}}}}}}}}}}}}}}}}}}}}}}}}}}}}}}}}}}}}}}}}}}}                   
                                                                                
B the Raider
  Experience level: 16
  Strength: 25
  Dexterity: 16
  Constitution: 16
  Intelligence: 10
  Wisdom: 14
  Charisma: 8
  Health: 164(164)
  Energy: 68(68)
  AC: -20
  Gold: 1531
  Moves: 18962


Your Inventory:
  Coins
  $ - 1531 gold pieces
  Amulets
  h - an uncursed amulet of reflection (being worn)
  Weapons
  d - a blessed rustproof +6 two-handed sword of warning (weapon in hands)
  S - 3 uncursed +0 elven daggers (in quiver)
  Armor
  s - an uncursed greased +4 pair of gauntlets of power (being worn)
  w - an uncursed greased rusty +2 dwarvish iron helm (being worn)
  B - a blessed greased +5 tattered cape [cloak of magic resistance] (being worn)
  O - a [blessed] +4 Hawaiian shirt (being worn)
  R - a blessed +4 pair of low boots of drain resistance and brilliance (being worn)
  W - an [uncursed] +0 dwarvish mithril-coat (being worn)
  Rings
  e - an uncursed ring of polymorph control
  p - an uncursed ring of slow digestion (on right hand)
  v - an uncursed ring of free action
  U - an uncursed ring of polymorph
  Y - an uncursed ring of conflict
  Wands
  K - an uncursed wand called cancellation [of cancellation (0:2)]
  Z - an [uncursed] wand of striking [0:2]
  Tools
  a - a blessed [+0] unicorn horn
  i - the uncursed Bell of Opening (0:3)
  l - an uncursed stethoscope
  y - a blessed magic lamp
  G - an uncursed lock pick
  L - an uncursed drum of earthquake (0:7)
  N - an uncursed magic whistle
  P - a blessed fireproof bag of holding
  Q - an uncursed [+0] unicorn horn
  T - an uncursed figurine of a tiger
  Gems
  g - a cursed green gem named The Eye of Hera [emerald]
  j - the blessed Heart of Ahriman
  k - 2 cursed red gems named The Heart of Casanova [ruby]
  m - a cursed white gem named The Tears of Koth [diamond]

Contents of the bag of holding:
  12657 gold pieces
  a blessed +2 cloak of protection and dexterity and warning
  an uncursed -2 helm of opposite alignment
  an uncursed +0 set of disintegration dragon scales
  an uncursed +0 set of reflecting dragon scales
  an uncursed scroll called confuse monster [of confuse monster]
  an [uncursed] scroll called scare monster [of scare monster]
  an [uncursed] scroll of charging
  3 uncursed scrolls of create monster
  3 blessed scrolls of enchant armor
  an uncursed scroll of flood
  a blessed scroll of genocide
  2 uncursed scrolls of identify
  2 blessed scrolls of remove curse
  a blessed scroll of teleportation
  4 uncursed scrolls of teleportation
  3 cursed scrolls of teleportation
  3 uncursed unlabeled scrolls [of blank paper]
  5 uncursed potions called blood [of blood]
  a blessed potion called eau [of holy water]
  8 uncursed potions of full healing
  a blessed potion of speed
  an uncursed potion of vampire blood
  an uncursed wand of cold [0:3]
  an uncursed wand of create monster [0:11]
  an uncursed wand of create monster [0:12]
  an uncursed wand of digging [0:5]
  an uncursed wand of digging [0:5]
  an uncursed wand of digging [0:4]
  an uncursed wand of fire [0:7]
  an uncursed wand of light (0:12)
  an uncursed wand of lightning [0:7]
  an uncursed wand of magic missile [0:6]
  an [uncursed] wand of striking [0:5]
  an [uncursed] wand of striking [0:6]
  a [blessed] wand of striking [0:1]
  an [uncursed] wand of striking [0:8]
  an uncursed can of grease [0:6]
  an uncursed magic marker (1:2)

Spells known in the end:
  Name Level Category Fail Memory

Your skills at the end:
  Fighting Skills
   bare handed combat [Basic   / Master] 
   body armor         [Skilled / Skilled]
  Weapon Skills
   axe                [Basic   / Expert] 
   two-handed sword   [Expert  / Expert] 
  Spellcasting Skills

Final Attributes:
  You were piously aligned.           
  Hunger level was 1014.              
  Your alignment was 103 / 104.       
  Monster difficulty range was 6 - 26.
  Level difficulty was 37.            
  You resisted cold.                  
  You were immune to poison.          
  You were immune to level-drain.     
  You were magic-protected.           
  You were telepathic.                
  You were warned.                    
  You were displaced.                 
  You were stealthy.                  
  You could fly.                      
  You could survive without air.      
  You had slower digestion.           
  You regenerated.                    
  You had reflection.                 
  You were extremely lucky (12).      
  You had extra luck.                 
  Good luck did not time out for you. 
  You are dead.                       

Vanquished creatures:
  Juiblex                   
  Medusa                    
  an iron golem             
  a master lich             
  a titan                   
  a balrog                  
  Thoth Amon                
  3 purple worms            
  a sirrush                 
  a draken                  
  a leviathan               
  3 amphiteres              
  2 lindworms               
  a gold dragon             
  2 guivres                 
  a sarkany                 
  a wyvern                  
  a minotaur                
  4 jabberwocks             
  a baluchitherium          
  2 demiliches              
  4 stone golems            
  4 pit fiends              
  4 hell hounds             
  2 trappers                
  2 disenchanters           
  14 vampire lords          
  a shopkeeper              
  an aligned priest         
  4 captains                
  2 shades                  
  5 liches                  
  4 nurses                  
  4 ice devils              
  a nalfeshnee              
  a lurker above            
  2 frost giants            
  18 vampires               
  4 lieutenants             
  4 watch captains          
  30 ghosts                 
  a queen bee               
  3 locusts                 
  2 winged gargoyles        
  3 mind flayers            
  a giant mimic             
  2 zruties                 
  2 fire giants             
  2 ogre kings              
  5 ice trolls              
  56 rock trolls            
  a flesh golem             
  4 hezrous                 
  5 bone devils             
  a large mimic             
  a fire vortex             
  2 baby long worms         
  2 long worms              
  3 couatls                 
  3 stalkers                
  2 air elementals          
  a fire elemental          
  an earth elemental        
  2 hill giants             
  a giant mummy             
  3 black nagas             
  6 xorns                   
  17 giant zombies          
  an elf-lord               
  10 sergeants              
  5 barbed devils           
  4 vrocks                  
  a salamander              
  4 wargs                   
  a hell hound pup          
  5 small mimics            
  2 rodents of unusual size 
  a warhorse                
  3 steam vortices          
  2 xans                    
  2 ettin mummies           
  5 ogre lords              
  4 quantum mechanics       
  13 trolls                 
  2 wood golems             
  3 erinyes                 
  3 mariliths               
  4 sharks                  
  2 gelatinous cubes        
  3 pyrolisks               
  a freezing sphere         
  3 flaming spheres         
  a shocking sphere         
  a large cat               
  3 tigers                  
  a dwarf king              
  2 tengu                   
  an ochre jelly            
  2 leocrottas              
  an energy vortex          
  2 mountain centaurs       
  a stone giant             
  4 elf mummies             
  a human mummy             
  a red naga                
  a green slime             
  2 pythons                 
  2 cobras                  
  30 wraiths                
  13 ettin zombies          
  3 Grey-elves              
  45 soldiers               
  13 watchmen               
  4 horned devils           
  2 succubi                 
  3 incubi                  
  2 chameleons              
  a crocodile               
  5 giant beetles           
  3 quivering blobs         
  7 cockatrices             
  2 wolves                  
  a winter wolf cub         
  3 lynxes                  
  20 gremlins               
  a spotted jelly           
  3 leprechauns             
  2 orc-captains            
  a mumak                   
  12 giant spiders          
  a scorpion                
  4 black lights            
  4 vampire bats            
  a forest centaur          
  a gnome king              
  2 orc mummies             
  2 dwarf mummies           
  41 ogres                  
  2 rust monsters           
  3 owlbears                
  2 yetis                   
  8 Green-elves             
  5 giant eels              
  6 lizards                 
  2 chickatrices            
  a dog                     
  4 dingos                  
  2 housecats               
  2 jaguars                 
  a dwarf lord              
  2 blue jellies            
  2 gray unicorns           
  a raven                   
  7 gnome mummies           
  2 water moccasins         
  7 apes                    
  24 human zombies          
  a rope golem              
  4 Woodland-elves          
  10 soldier ants           
  a snow ant                
  10 bugbears               
  an imp                    
  5 lemures                 
  3 quasits                 
  2 wood nymphs             
  2 water nymphs            
  a mountain nymph          
  22 Mordor orcs            
  17 Uruk-hai               
  2 orc shamans             
  a rock piercer            
  a fog cloud               
  4 yellow lights           
  2 violet fungi            
  16 gnome lords            
  5 gnomish wizards         
  3 kobold mummies          
  a black naga hatchling    
  2 golden naga hatchlings  
  a guardian naga hatchling 
  19 elf zombies            
  8 ghouls                  
  a jellyfish               
  2 baby crocodiles         
  10 giant ants             
  2 little dogs             
  4 floating eyes           
  a kitten                  
  15 dwarves                
  2 kobold lords            
  a kobold shaman           
  15 hill orcs              
  5 rothes                  
  2 rabid rats              
  3 centipedes              
  2 giant bats              
  23 orc zombies            
  16 dwarf zombies          
  a wererat                 
  a werejackal              
  4 muggers                 
  an iguana                 
  36 killer bees            
  an acid blob              
  a gas spore               
  4 hobbits                 
  3 large kobolds           
  8 hobgoblins              
  a brown mold              
  2 yellow molds            
  a green mold              
  a red mold                
  54 gnomes                 
  2 garter snakes           
  8 gnome zombies           
  3 geckos                  
  6 jackals                 
  a fox                     
  a kobold                  
  2 goblins                 
  6 sewer rats              
  6 grid bugs               
  5 lichens                 
  7 kobold zombies          
  6 newts                   
                            
  1119 creatures vanquished.

Genocided or extinct species:
  erinyes (extinct) 
                    
  1 species extinct.

Voluntary challenges:
  You used a wielded weapon 1323 times.
  You read items or engraved 50 times. 
  You put on armor 39 times.           
  You never genocided any monsters.    
  You never polymorphed an object.     
  You never changed form.              
  You used 2 wishes.                   
  You used 1 wish for magical items.   
  You never wrote Elbereth's name.     
  You encountered 1 bones level.       
  You never used any Sokoban shortcuts.

Dungeon overview:
                                                                  
  The Dungeons of Doom: levels 1 to 28
  Level 1                                                         
        a long staircase                                          
  Level 2                                                         
        a fountain, a sink                                        
        stairs to The Gnomish Mines                               
  Level 5                                                         
        a general store, some fountains                           
  Level 6                                                         
        a fountain                                                
  Level 7                                                         
        a scroll shop                                             
  Level 8                                                         
        many fountains                                            
  Level 9                                                         
        stairs to Sokoban                                         
  Level 10                                                        
        a fountain, a sink                                        
        stairs to Town                                            
  Level 14                                                        
        a fountain                                                
  Level 15                                                        
        portal to The Quest                                       
  Level 18                                                        
        a temple                                                  
  Level 20                                                        
        a fountain                                                
  Level 21                                                        
        some fountains                                            
  Level 22                                                        
        a sink                                                    
  Level 24                                                        
        some fountains                                            
  Level 25                                                        
        a fountain                                                
  Level 28 (medusa not taken care of)                             
        a magic chest, a fountain                                 
                                                                  
  Gehennom: levels 29 to 37
  Level 29                                                        
        a temple, a magic chest                                   
        stairs to The Dungeons of Doom                            
  Level 31                                                        
        many fountains, a throne                                  
  Level 33                                                        
        a fountain                                                
  Level 37 <- You were here                                       
                                                                  
  The Gnomish Mines: levels 3 to 10
  Level 3                                                         
        stairs to The Dungeons of Doom                            
  Level 5                                                         
        many shops, a temple to Set, a magic chest, some fountains
  Level 10                                                        
        some fountains                                            
                                                                  
  The Quest: levels 1 to 5
  Level 1                                                         
        a magic chest                                             
        portal to The Dungeons of Doom                            
  Level 5                                                         
        an altar to Set                                           
                                                                  
  Sokoban:
  Level 8                                                         
        a magic chest                                             
        stairs to The Dungeons of Doom                            
                                                                  
  Town: levels 7 to 9
  Level 7                                                         
        some shops, some fountains, a sink                        
  Level 8                                                         
        some fountains, many trees                                
  Level 9                                                         
        stairs to The Dungeons of Doom                            

History has recorded:
  On T:1 you entered the Dungeons of Doom to retrieve the Amulet of Yendor!    
  On T:394 you reached level 2 of The Dungeons of Doom.                        
  On T:571 you advanced to experience level 2.                                 
  On T:585 you reached level 1 of The Gnomish Mines.                           
  On T:590 you advanced to experience level 3.                                 
  On T:658 you advanced to experience level 4.                                 
  On T:694 you advanced to experience level 5.                                 
  On T:731 you reached level 2 of The Gnomish Mines.                           
  On T:798 you advanced to experience level 6.                                 
  On T:1015 you advanced to experience level 7.                                
  On T:1107 you reached level 3 of The Gnomish Mines.                          
  On T:1779 you advanced to experience level 8.                                
  On T:1836 you reached level 4 of The Gnomish Mines.                          
  On T:2183 you reached level 5 of The Gnomish Mines.                          
  On T:2540 you advanced to experience level 9.                                
  On T:2799 you reached level 6 of The Gnomish Mines.                          
  On T:3072 you reached level 7 of The Gnomish Mines.                          
  On T:3360 you reached level 8 of The Gnomish Mines.                          
  On T:3537 you advanced to experience level 10.                               
  On T:3583 you received a rustproof two-handed sword of warning from Set.     
  On T:3710 you received Cleaver from Set.                                     
  On T:4979 you reached level 3 of The Dungeons of Doom.                       
  On T:5080 you reached level 4 of The Dungeons of Doom.                       
  On T:5177 you reached level 5 of The Dungeons of Doom.                       
  On T:5601 you reached level 6 of The Dungeons of Doom.                       
  On T:5952 you reached level 7 of The Dungeons of Doom.                       
  On T:6223 you reached level 8 of The Dungeons of Doom.                       
  On T:6406 you advanced to experience level 11.                               
  On T:6451 you reached level 9 of The Dungeons of Doom.                       
  On T:6497 you reached level 10 of The Dungeons of Doom.                      
  On T:6634 you reached level 3 of Sokoban.                                    
  On T:6828 you reached level 3 of Town.                                       
  On T:6913 you reached level 2 of Town.                                       
  On T:6989 you reached level 1 of Town.                                       
  On T:7570 you reached level 11 of The Dungeons of Doom.                      
  On T:7873 you reached level 12 of The Dungeons of Doom.                      
  On T:7970 you reached level 13 of The Dungeons of Doom.                      
  On T:8043 you reached level 14 of The Dungeons of Doom.                      
  On T:8339 you reached level 15 of The Dungeons of Doom.                      
  On T:8428 you reached level 1 of The Quest.                                  
  On T:8487 you embarked upon an epic quest.                                   
  On T:8593 you reached level 2 of The Quest.                                  
  On T:8618 you reached level 3 of The Quest.                                  
  On T:8917 you advanced to experience level 12.                               
  On T:8987 you reached level 4 of The Quest.                                  
  On T:9076 you reached level 5 of The Quest.                                  
  On T:9138 you killed Thoth Amon on level 5 of The Quest.                     
  On T:9788 you completed the quest!                                           
  On T:9880 you reached level 16 of The Dungeons of Doom.                      
  On T:10089 you reached level 17 of The Dungeons of Doom.                     
  On T:10202 you reached level 18 of The Dungeons of Doom.                     
  On T:10397 you reached level 19 of The Dungeons of Doom.                     
  On T:10507 you reached level 20 of The Dungeons of Doom.                     
  On T:10914 you reached level 21 of The Dungeons of Doom.                     
  On T:11234 you reached level 22 of The Dungeons of Doom.                     
  On T:11364 you advanced to experience level 13.                              
  On T:11535 you reached level 23 of The Dungeons of Doom.                     
  On T:11673 you reached level 24 of The Dungeons of Doom.                     
  On T:12129 you reached level 25 of The Dungeons of Doom.                     
  On T:12497 you reached level 26 of The Dungeons of Doom.                     
  On T:12773 you reached level 27 of The Dungeons of Doom.                     
  On T:12823 you reached The Castle.                                           
  On T:13419 you wished for "blessed fireproof bag of holding".                
  On T:13712 you killed Medusa on level 27 of The Dungeons of Doom.            
  On T:13832 you reached The Valley of the Dead.                               
  On T:14557 you advanced to experience level 14.                              
  On T:14777 you reached level 2 of Gehennom.                                  
  On T:15343 you reached level 3 of Gehennom.                                  
  On T:15601 you wished for "The Blessed greased fixed +3 Tsurugi of Muramasa".
  On T:16085 you reached level 4 of Gehennom.                                  
  On T:16216 you reached level 5 of Gehennom.                                  
  On T:16231 you killed Juiblex on level 5 of Gehennom.                        
  On T:16305 you reached level 6 of Gehennom.                                  
  On T:16324 you advanced to experience level 15.                              
  On T:16829 you reached level 7 of Gehennom.                                  
  On T:16988 you reached level 8 of Gehennom.                                  
  On T:17050 you advanced to experience level 16.                              
  On T:17286 you reached level 9 of Gehennom.                                  

Latest messages:
  You fly down along the stairs.
  Where do you want to travel to?
  <position: (65, 8)>
  You feel tough!
  You must be leading a healthy life-style.
  <Really fly into that rust trap? [yn]: n>
  There are several objects here.
  Where do you want to travel to?
  <position: (65, 8)>
  You can't go down here.
  You fly down along the stairs.
  Where do you want to travel to?
  <position: (5, 11)>
  <What do you want to use or apply? [, aijlyGKLNPQT or ?*]: P>
  <Do what?: Take something out of the bag of holding>
  <Take out what type of objects?: Wands  ('/')>
  <Take out what?: k>
  Z - a wand of striking.
  <What do you want to zap? [KZ or ?*]: Z>
  <In what direction?: east>
  The portcullis of the drawbridge falls into the moat!
  You are hit by a huge chunk of metal!
  <Do you want your possessions identified? [ynq]: y>
  <List of objects: (none selected)>
  <Do you want to see your attributes? [ynq]: y>
  <Do you want an account of creatures vanquished? [ynq]: y>
  <Do you want a list of species genocided or extinct? [ynq]: y>
  <Do you want to see your conduct? [ynq]: y>
  <List of objects: (none selected)>
  <Dungeon overview:: (none selected)>

Final status:
  Goodbye B the Barbarian...                                               
                                                                           
  You were crushed in Gehennom on dungeon level 37 with 257120 points,     
  and 14188 pieces of gold, after 18962 moves.                             
  You were level 16 with a maximum of 164 hit points when you were crushed.